 Dungeon Crawl Stone Soup version 0.22.0-49-gab54619674 (webtiles) character file.

835 Americanboy the Archer (level 7, -7/60 HPs)
             Began as a Centaur Hunter on Sept 2, 2018.
             Mangled by a killer bee (8 damage)
             ... on level 4 of the Dungeon.
             The game lasted 00:08:48 (5740 turns).

Americanboy the Archer (Centaur Hunter)             Turns: 5740, Time: 00:08:50

Health: -7/60      AC:  5    Str: 19    XL:     7   Next: 66%
Magic:  7/7        EV: 10    Int: 10    God:
Gold:   298        SH:  3    Dex: 12    Spells: 6/6 levels left

rFire    . . .     SeeInvis +   h - +2 halberd (freeze)
rCold    . . .     Gourm    .   (shield currently unavailable)
rNeg     . . .     Faith    .   c - +1 leather armour
rPois    .         Spirit   .   (no helmet)
rElec    .         Reflect  +   (no cloak)
rCorr    .         Harm     .   (no gloves)
MR       .....                  (no barding)
Stlth    +.........             n - +3 amulet of reflection
HPRegen  0.20/turn              (no ring)
MPRegen  0.10/turn              y - ring of see invisible

@: mighty, lethally poisoned (-7 -> -26), very quick
A: large, hooves 3, deformed body, speed 2, tough skin 3
a: no special abilities


You were on level 4 of the Dungeon.
You were not hungry.

You visited 1 branch of the dungeon, and saw 5 of its levels.

You collected 298 gold pieces.

Inventory:

Hand Weapons
 a - a +2 shortbow
 h - a +2 halberd of freezing (weapon)
Missiles
 d - 60 arrows
Armour
 c - a +1 leather armour (worn)
Jewellery
 n - a +3 amulet of reflection (around neck)
 y - a ring of see invisible (right hand)
Wands
 m - a wand of random effects (26)
Scrolls
 e - 3 scrolls of remove curse
 i - a scroll of teleportation
 o - 4 scrolls of identify
 q - a scroll of enchant weapon
 x - 2 scrolls of enchant armour
Potions
 b - a potion of brilliance {unknown}
 j - 2 potions of might
 l - a potion of lignification {unknown}
 p - a potion of haste {unknown}
 r - a potion of mutation {unknown}
 s - a potion of flight {unknown}
 t - a potion of resistance {unknown}
 u - a potion of curing
 v - 2 potions of agility
Comestibles
 f - 6 rations


   Skills:
 * Level 4.3 Fighting
   Level 1.3 Short Blades
 + Level 1.7 Polearms
 + Level 9.1 Bows
 + Level 2.0 Armour
 + Level 2.5 Dodging
 - Level 0.4 Stealth
 + Level 0.2 Evocations


You had 6 spell levels left.
You didn't know any spells.
Your spell library contained the following spells:

 Spells                   Type           Power        Failure   Level  Hunger
 Corona                   Hex            #......      41%         1    ##.....
 Summon Small Mammal      Summ           #...         41%         1    ##.....
 Call Imp                 Summ           #.......     56%         2    ###....
 Ensorcelled Hibernation  Hex/Ice        #.....       56%         2    ###....
 Call Canine Familiar     Summ           #.......     80%         3    ####...
 Confuse                  Hex            #.......     80%         3    ####...
 Dazzling Spray           Conj/Hex       #.....       80%         3    ####...
 Summon Guardian Golem    Hex/Summ       #.......     80%         3    ####...
 Tukima's Dance           Hex            #.......     80%         3    ####...
 Summon Ice Beast         Ice/Summ       #.......     99%         4    #####..
 Summon Lightning Spire   Summ/Air       #.......     99%         4    #####..


Dungeon Overview and Level Annotations

Branches:
Dungeon (5/15)
 Temple: D:4-7

Altars:
Ashenzari


Innate Abilities, Weirdness & Mutations

You have hooves in place of feet.
Armour fits poorly on your strangely shaped body.
You cover ground very quickly.
You have extremely tough skin. (AC +3)


Message History

The killer bee is moderately wounded.
You feel sick. The killer bee stings you. The killer bee barely misses you.
The killer bee stings you. x2; The killer bee closely misses you.
The killer bee stings you!
The killer bee stings you but does no damage.
The killer bee barely misses you. The killer bee stings you.
You completely miss the killer bee.
The killer bee is moderately wounded.
You feel sick. You block the killer bee's attack. The killer bee stings you.
* * * LOW HITPOINT WARNING * * *
You are more poisoned.
The killer bee poisons you! The killer bee stings you.
* * * LOW HITPOINT WARNING * * *
You are more poisoned.
The killer bee poisons you! The killer bee stings you.
* * * LOW HITPOINT WARNING * * *
The killer bee misses you. The killer bee stings you!
* * * LOW HITPOINT WARNING * * *
The killer bee misses you. The killer bee stings you!
You die...

####.................#
#......p#####.##.###
###..#.#..#####.##.#
.....#.#<..........#
###..#..........####
#..###.#..#.#.#
###..###.#..#.#.####### ###
(##......#....#yy....[# #.†
.###......"..##y@####.#########.#
.# #.#####.#.##..####.#.......#.#
.###.# #.>.....##.(....###....#
.....# ###.###.##.#.#..####.###
..##.# #...##.##.#.#....####
...#.# #...##......##.#.######
.....# #...#####.####.#.##....
#....######...#####.# #.#.##....
.....##...........#.# #.#.##....


You could see 3 killer bees.

Vanquished Creatures
  Pikel (D:4)
  A slave (D:4)
  A scorpion (D:4)
  A killer bee (D:5)
  A hound (D:4)
  3 worker ants
  3 gnolls (D:2)
  3 adders
  An ooze (D:1)
  A worm (D:3)
  A dart slug (D:2)
  4 leopard geckos
  15 orcs
  4 giant cockroaches
  8 goblins
  9 hobgoblins
  16 jackals
  3 ball pythons
  A ball python skeleton (D:4)
  13 bats
  3 frilled lizards
  11 kobolds
  6 rats
110 creatures vanquished.

Notes
Turn   | Place    | Note
-------+----------+-------------------------------------------
     0 | D:1      | Americanboy the Centaur Hunter began the quest for the Orb.
     0 | D:1      | Reached XP level 1. HP: 17/17 MP: 1/1
    93 | D:1      | Reached XP level 2. HP: 19/24 MP: 2/2
   416 | D:1      | Reached skill level 6 in Bows
   654 | D:1      | Reached XP level 3. HP: 9/29 MP: 3/3
  1573 | D:2      | Reached skill level 1 in Short Blades
  1868 | D:2      | Reached XP level 4. HP: 37/37 MP: 4/4
  2133 | D:2      | Found a shattered altar of Ashenzari.
  2201 | D:2      | Reached skill level 1 in Armour
  2807 | D:3      | Reached XP level 5. HP: 23/42 MP: 5/5
  4162 | D:4      | Reached skill level 1 in Polearms
  4502 | D:4      | Noticed a slave
  4507 | D:4      | Noticed a slave
  4508 | D:4      | Noticed a slave
  4512 | D:4      | Killed a slave
  4720 | D:4      | Noticed Pikel
  4778 | D:4      | Killed Pikel
  4778 | D:4      | Reached skill level 8 in Bows
  4778 | D:4      | Reached XP level 6. HP: 8/52 MP: 6/6
  4778 | D:4      | Reached XP level 7. HP: 9/59 MP: 7/7
  5487 | D:4      | Reached skill level 9 in Bows
  5519 | D:5      | Entered Level 5 of the Dungeon
  5530 | D:4      | HP: 1/60 [killer bee (3)]
  5740 | D:4      | HP: 1/60 [killer bee (9)]
  5740 | D:4      | Mangled by a killer bee

Skill      XL: |  1  2  3  4  5  6  7 |
---------------+----------------------+-----
Bows           | 6 8 9 |  9.1
Short Blades   | 1 |  1.3
Armour         | 1 2 |  2.0
Dodging        | 2 |  2.5
Fighting       | 4 |  4.3
Polearms       | 1 |  1.7
Stealth        | |  0.4
Evocations     | |  0.2

Action                   |  1- 3 |  4- 6 |  7- 9 || total
-------------------------+-------+-------+-------++-------
Melee: Short sword       |   155 |     1 |       ||   156
       Kick              |    29 |    13 |     1 ||    43
       Halberd           |       |    86 |     5 ||    91
 Fire: Shortbow          |       |   107 |    33 ||   140
 Abil: Evoke Berserk Rag |     2 |     1 |       ||     3
  Use: Scroll            |     4 |     3 |     1 ||     8
       Potion            |       |       |     5 ||     5
  Eat: Chunk             |     2 |       |     1 ||     3
       Ration            |     1 |     2 |     1 ||     4
Armor: Leather armour    |    82 |    47 |     9 ||   138
Dodge: Dodged            |    87 |    72 |    35 ||   194
Block: Other             |       |     2 |     9 ||    11
